 Dungeon Crawl Stone Soup version 0.22-a0-162-g33bf127 (webtiles) character file.

2230558 kuniqs the Conqueror (level 26, 292/292 HPs)
             Began as a Minotaur Fighter on Feb 12, 2018.
             Was the Champion of Makhleb.
             Escaped with the Orb
             ... and 3 runes!
             The game lasted 01:38:05 (41234 turns).

kuniqs the Conqueror (Minotaur Fighter)            Turns: 41234, Time: 01:38:06

Health: 292/292    AC: 38    Str: 24    XL:     26   Next: 63%
Magic:  24/26      EV: 41    Int:  5    God:    Makhleb [******]
Gold:   5244       SH: 30    Dex: 35    Spells: 25/25 levels left

rFire    + + +     SeeInvis +   F - +9 broad axe (drain)
rCold    + + .     Gourm    .   J - +5 large shield
rNeg     . . .     Faith    .   m - +3 scale mail "Ocasoggan" {rElec rPois Str-3 Slay+6}
rPois    +         Spirit   .   H - +0 hat "Nenudomemm" {rC+}
rElec    +         Reflect  .   c - +2 cloak {MR+}
rCorr    +         Harm     .   X - +2 pair of gloves
MR       ++...                  P - +2 pair of boots
Stlth    +.........             N - amulet "Bokhlac" {rF++ Regen+ Int-3}
HPRegen  1.38/turn              b - ring of Memir {Int+3 Dex+9}
MPRegen  0.20/turn              R - ring of Robustness {AC+8}

@: mighty, agile, resistant, hasted, drained, very quick
A: retaliatory headbutt, hooves 1, horns 2, thin metallic scales 1, see
invisible, regeneration 1, robust 1, MP-powered wands
0: Orb of Zot
}: 3/15 runes: barnacled, silver, gossamer
a: Minor Destruction, Lesser Servant of Makhleb, Major Destruction, Greater
Servant of Makhleb, Renounce Religion


You escaped.
You worshipped Makhleb.
Makhleb was exalted by your worship.
You were full.

You visited 10 branches of the dungeon, and saw 50 of its levels.
You visited the Abyss 1 time.
You also visited: Ice Cave.

You collected 6866 gold pieces.
You spent 1622 gold pieces at shops.

Inventory:

Hand Weapons
 F - a +9 broad axe of draining (weapon)
Missiles
 V - 3 throwing nets (quivered)
Armour
 c - a +2 cloak of magic resistance (worn)
 m - the +3 scale mail "Ocasoggan" (worn) {rElec rPois Str-3 Slay+6}
   (You bought it in a shop on level 5 of the Dungeon)

   It affects your strength (-3).
   It affects your accuracy and damage with ranged weapons and melee attacks
   (+6).
   It insulates you from electricity.
   It protects you from poison.
 H - the +0 hat "Nenudomemm" (worn) {rC+}
   (You acquired it on level 5 of the Vaults)

   It protects you from cold.
 J - a +5 large shield (worn)
 P - a +2 pair of boots (worn)
 X - a +2 pair of gloves (worn)
Jewellery
 b - the ring of Memir (left hand) {Int+3 Dex+9}
   (You acquired it on level 3 of the Realm of Zot)

   [ring of intelligence]

   It affects your intelligence (+3).
   It affects your dexterity (+9).
 A - the ring of the Unstoppable Lies {rCorr rF+ SInv}
   (You took it off a deep elf knight on level 3 of the Elven Halls)

   [ring of resist corrosion]

   It protects you from fire.
   It lets you see invisible.
 E - an uncursed ring of protection from magic
 N - the amulet "Bokhlac" (around neck) {rF++ Regen+ Int-3}
   (You took it off a deep elf death mage on level 3 of the Elven Halls)

   [amulet of regeneration]

   It affects your intelligence (-3).
   It greatly protects you from fire.
   It increases your rate of regeneration.
 O - an uncursed ring of positive energy
 R - the ring of Robustness (right hand) {AC+8}
   (You found it in an ice cave)

   [ring of protection]

   It affects your AC (+8).
 S - an uncursed ring of protection from cold
Wands
 k - a wand of random effects (39)
 u - a wand of disintegration (48)
 x - a wand of flame (127)
 B - a wand of polymorph (21)
 G - a wand of iceblast (14)
 I - a wand of acid (19)
 K - a wand of scattershot (16)
 Q - a wand of enslavement (3)
 T - a wand of clouds (10)
 W - a wand of paralysis (51)
Scrolls
 e - 8 scrolls of identify {@r1}
 g - 6 scrolls of fear
 j - 12 scrolls of immolation
 o - a scroll of holy word
 p - 6 scrolls of fog
 s - 7 scrolls of blinking
 t - 24 scrolls of remove curse {@r2}
 w - 12 scrolls of teleportation
 y - 2 scrolls of silence
 L - a scroll of summoning
Potions
 d - 3 potions of might
 h - 4 potions of agility
 i - a potion of ambrosia
 n - 2 potions of mutation
 q - 2 potions of berserk rage
 r - 3 potions of flight
 v - 20 potions of curing {@q1}
 z - 10 potions of heal wounds
 C - 3 potions of cancellation
 U - a potion of haste
 Y - 4 potions of invisibility
Miscellaneous
 l - a lightning rod (4/4)
Comestibles
 f - 78 rations


   Skills:
 O Level 27(26.4) Fighting
 - Level 18.0(17.5) Axes
 + Level 26.2(25.7) Armour
 + Level 25.4(24.8) Dodging
 - Level 20.0(19.5) Shields
 - Level 6.0(5.6) Invocations


You had 25 spell levels left.
You didn't know any spells.

Dungeon Overview and Level Annotations

Branches:
Dungeon (15/15)            Temple (1/1) D:5            Lair (6/6) D:10
 Shoals (4/4) Lair:2       Spider (4/4) Lair:4        Slime (0/5) Lair:6
    Orc (2/2) D:9             Elf (3/3) Orc:2        Vaults (5/5) D:13
  Crypt (0/3) Vaults:3     Depths (5/5) D:15            Zot (5/5) Depths:5

Altars:
Ashenzari
Cheibriados
Elyvilon
Fedhas
Hepliaklqana
Kikubaaqudgha
Makhleb
Nemelex Xobeh
Okawaru
Qazlal
Ru
Sif Muna
Uskayaw
Wu Jian
Xom
Yredelemnul
Beogh
Jiyva

Shops:
D:4 ?   D:5 [   D:15 !   Orc:2 [(:[   Elf:1 %   Vaults:4 !:(

Portals:
Hell: Depths:1 Depths:2 Depths:3 Depths:4 Depths:5
Abyss: Depths:4
Pandemonium: Depths:3

Annotations:
Lair:3 exclusion: 3 oklob plants
Spider:4 exclusion: 3 doors
Elf:2 3 runed doors


Innate Abilities, Weirdness & Mutations

You reflexively headbutt those who attack you in melee.
You have a pair of horns on your head.
You have large cloven feet.
You are partially covered in thin metallic scales. (AC +2)
You have supernaturally acute eyesight. (SInv)
Your natural rate of healing is unusually fast.
You are robust. (+10% HP)
You expend magic power (3 MP) to strengthen your wands.


Message History

You feel very mighty all of a sudden. You block the orange demon's attack.
You feel protected.
Okay, then.
You closely miss Guuwn. You block the orange demon's attack.
You slice Guuwn!! You headbutt Guuwn, but do no damage. Guuwn gestures at you.
The orb of electricity explodes!
The orb of electricity engulfs you! You resist.
The orb of electricity engulfs Guuwn.
Guuwn dies!
The orb of electricity engulfs the orange demon.
You block the orange demon's attack. x2
You cut the orange demon into ribbons!!!
You kill the orange demon!
Makhleb accepts your kill.
You feel better.
A reaper comes into view. It is wielding a scythe of venom.
The rock shatters into small pieces.
The now-empty wand crumbles to dust.
There is a staircase leading out of the dungeon here.
You have escaped!

# ##.......##.######.......###.#
# ##.....####.......####.....##..
###....###.............###....###
......##.....####.##.....##....##
.....##....###...#.###....##...##
.....#....##.....#...##....#....#
######...##...##.##...##...##...#
#........#...##...##...#....#...#
#...######...#..@......#........#
#...#....#...##...######....#...#
#...##...##...#####........##...#
#....#....##.........#######....#
##...##....###.....###.........##
#...(##.....#######.....##....##
##....###.............###....###
##.....####....(..####.....## #
##.......#########.......## #


There were no monsters in sight!

Vanquished Creatures
  2 pandemonium lords
  6 orbs of fire (Zot:5)
  8 ancient liches
  Boris (Depths:5)
  Bai Suzhen (Shoals:3)
  Margery (Depths:4)
  Frederick (Depths:4)
  8 golden dragons
  Nikola (Elf:2)
  3 electric golems
  Arachne (Spider:4)
  A hellephant (Depths:3)
  24 Orb Guardians
  7 tentacled monstrosities
  5 liches
  2 deep elf blademasters (Elf:3)
  5 titans
  6 quicksilver dragons
  4 death cobs
  An Executioner (D:9)
  2 deep elf master archers (Elf:3)
  2 krakens
  Polyphemus (Shoals:4)
  Agnes (Elf:2)
  4 shadow dragons
  5 tengu reavers
  An azure jelly (shapeshifter) (Vaults:5)
  5 storm dragons
  A draconian monk (Zot:2)
  Ilsuiw (Shoals:4)
  12 fire giants
  3 draconian scorchers
  3 draconian knights
  Aizul (Vaults:4)
  2 iron dragons (Vaults:5)
  11 deep elf sorcerers
  An orc warlord (Orc:2)
  15 vault wardens
  13 frost giants
  8 ghost moths
  4 emperor scorpions
  2 draconian shifters (Zot:2)
  Louise (Spider:3)
  2 ghouls
  2 draconian stormcallers
  3 deep elf elementalists (Elf:3)
  11 very ugly things
  4 spriggan defenders
  20 ironheart preservers
  3 war gargoyles (Vaults:5)
  17 stone giants
  6 entropy weavers
  4 red draconians
  7 green draconians
  2 vampire knights
  6 black draconians
  7 deep elf demonologists
  14 deep elf annihilators
  8 purple draconians
  6 spark wasps
  5 white draconians
  The ghost of p0werm0de the Martial Artist, a journeyman OpGl of Ashenzari (Orc:1)
  5 yellow draconians
  2 small abominations
  13 dire elephants (Depths:3)
  4 deep elf death magi
  22 ettins
  5 merfolk javelineers
  5 fire dragons
  4 great orbs of eyes
  8 deep elf high priests
  10 merfolk impalers
  15 ice dragons
  A quicksilver dragon skeleton (Depths:4)
  A quicksilver dragon zombie (Depths:4)
  9 yaktaur captains
  3 rakshasas
  Fannar (D:12)
  5 hydras
  3 merfolk avatars
  2 death knights
  34 vault guards
  Erica (Lair:1)
  A catoblepas (shapeshifter) (Depths:2)
  3 catoblepae
  7 centaur warriors
  An alligator snapping turtle (Shoals:3)
  8 deep troll shamans
  7 merfolk aquamancers
  7 dancing weapons
  2 satyrs
  2 tengu warriors
  14 death yaks
  17 ogre magi
  69 two-headed ogres
  4 deep troll earth magi
  A soul eater (Depths:5)
  19 deep elf knights
  Urug (D:15)
  A shadow wraith (Vaults:4)
  9 iron trolls
  39 deep trolls
  2 unseen horrors
  11 hell knights
  9 skeletal warriors
  A salamander mystic (Depths:3)
  4 wizards
  A deep troll (shapeshifter) (Vaults:5)
  7 sea snakes
  11 ironbrand convokers
  26 deep elf archers
  5 glowing orange brains
  3 flayed ghosts
  An orange crystal statue (Elf:3)
  A shadow dragon zombie (Depths:2)
  A harpy (shapeshifter) (Elf:3)
  9 necromancers
  13 orc knights
  8 phantasmal warriors
  41 ugly things
  63 deep elf magi
  11 orb spiders
  A wolf spider (shapeshifter) (Vaults:5)
  20 harpies
  11 manticores
  5 orc sorcerers
  21 wolf spiders
  A cyclops (shapeshifter) (D:15)
  11 cyclopes
  18 moths of wrath
  2 fauns (Shoals:3)
  10 elephants
  A salamander (shapeshifter) (Vaults:5)
  9 merfolk sirens
  11 vault sentinels
  3 centaur zombies
  2 ice statues (IceCv)
  An elf zombie (Depths:4)
  2 black mambas (Lair:5)
  A frost giant skeleton (Vaults:3)
  7 salamanders
  A molten gargoyle (Depths:5)
  An orange demon (D:1)
  4 water nymphs
  A rust devil (Zot:2)
  A naga mage (D:15)
  12 spiny frogs
  8 centaur skeletons
  5 torpor snails
  8 rime drakes
  4 human zombies
  5 freezing wraiths
  A spriggan zombie (Depths:2)
  6 komodo dragons
  33 yaktaurs
  A rime drake (shapeshifter) (Depths:2)
  12 demonic crawlers
  2 efreet (D:15)
  An ice devil (Depths:2)
  9 hellwings
  A golden dragon simulacrum (Depths:4)
  A meliai (shapeshifter) (Depths:2)
  5 red devils
  6 meliai
  2 queen bees (shapeshifter)
  6 trolls
  9 hornets
  A polar bear (Lair:6)
  A queen bee (Spider:2)
  2 tengu conjurers
  2 hippogriffs (shapeshifter)
  27 merfolk
  33 jumping spiders
  6 wind drakes
  A sphinx simulacrum (Vaults:3)
  Prince Ribbit (Lair:2)
  17 slime creatures
  Grinder (D:6)
  A frost giant simulacrum (Vaults:4)
  16 blink frogs
  5 snapping turtles
  14 hippogriffs
  11 dream sheep
  5 air elementals
  A spriggan (shapeshifter) (Vaults:3)
  Sigmund (D:4)
  19 water elementals
  3 wraiths
  85 redbacks
  15 tarantellas
  A human (shapeshifter) (Vaults:3)
  A redback (shapeshifter) (Vaults:4)
  58 yaks
  4 wyverns
  3 hogs (D:8)
  5 basilisks
  2 humans
  3 hungry ghosts
  Eustachio (D:5)
  3 fire elementals
  3 steam dragons
  9 wargs
  Menkaure (D:7)
  6 human simulacra
  A deep troll zombie (Vaults:2)
  A swamp worm (shapeshifter) (Vaults:5)
  A soldier ant (D:13)
  16 water moccasins
  A human skeleton (Depths:2)
  An acid dragon (Vaults:1)
  2 hell hounds (Depths:5)
  Duvessa (D:4)
  23 ice beasts
  12 porcupines
  2 sky beasts
  A hornet zombie (D:8)
  4 phantoms
  An eye of draining (shapeshifter) (D:14)
  43 orc warriors
  3 necrophages
  5 wolves (Lair:6)
  52 ogres
  16 centaurs
  15 crocodiles
  An elf skeleton (Vaults:5)
  A big kobold (D:6)
  4 earth elementals
  14 bullfrogs
  A glowing shapeshifter simulacrum (Vaults:4)
  Dowan (D:4)
  14 killer bees
  6 scorpions
  4 wights (D:13)
  A howler monkey (D:4)
  7 crimson imps
  A quasit (D:13)
  2 bullfrog zombies
  2 bullfrog skeletons
  2 jellies (D:10)
  12 orc priests
  6 hounds
  Ijyb (D:3)
  2 iguanas
  14 orc wizards
  9 worker ants
  2 hound skeletons
  A hound zombie (D:5)
  A worker ant zombie (D:7)
  A howler monkey zombie (D:10)
  A howler monkey skeleton (D:9)
  11 adders
  10 shadow imps
  A white imp (D:15)
  2 oozes
  5 worms
  4 leopard geckos
  100 orcs
  8 giant cockroaches
  9 goblins
  4 hobgoblins
  20 jackals
  4 quokkas
  4 bats
  9 frilled lizards
  A jackal zombie (D:5)
  6 kobolds
  8 rats
  A crawling corpse (Vaults:4)
  8 plants
  7 tentacles
2092 creatures vanquished.

Vanquished Creatures (others)
  A pandemonium lord (D:1)
  A yellow draconian (Depths:5)
  3 deep elf magi (Elf:1)
  2 moths of wrath (Zot:5)
  An ogre (Vaults:5)
  An orc (Vaults:4)
  A bush (Lair:6)
  80 fungi
  44 plants
  9 tentacles
143 creatures vanquished.

Grand Total: 2235 creatures vanquished

Notes
Turn   | Place    | Note
-------+----------+-------------------------------------------
     0 | D:1      | kuniqs the Minotaur Fighter began the quest for the Orb.
     0 | D:1      | Reached XP level 1. HP: 19/19 MP: 0/0
   311 | D:1      | Reached XP level 2. HP: 27/27 MP: 1/1
   475 | D:1      | Reached skill level 1 in Dodging
  1199 | D:2      | Reached skill level 4 in Fighting
  1261 | D:2      | Reached XP level 3. HP: 33/33 MP: 2/2
  1420 | D:2      | Reached XP level 4. HP: 28/40 MP: 3/3
  1588 | D:2      | Found a faded altar of an unknown god.
  2045 | D:3      | Reached XP level 5. HP: 31/47 MP: 4/4
  2567 | D:4      | Found Igisoth's Magic Scroll Shoppe.
  2601 | D:4      | Bought a scroll of identify for 26 gold pieces
  2601 | D:4      | Bought a scroll of enchant weapon for 97 gold pieces
  2603 | D:4      | Noticed Sigmund
  2618 | D:4      | Killed Sigmund
  2618 | D:4      | Reached skill level 5 in Fighting
  2618 | D:4      | Reached skill level 5 in Armour
  2618 | D:4      | Reached skill level 5 in Shields
  2618 | D:4      | Reached XP level 6. HP: 55/56 MP: 5/5
  2715 | D:4      | Noticed Ijyb
  2737 | D:3      | Killed Ijyb
  3030 | D:4      | Got a twisted cloak
  3036 | D:4      | Identified the +0 cloak of the Pit {rN+} (You found it on level 4 of the Dungeon)
  3078 | D:4      | Noticed Duvessa
  3079 | D:4      | Noticed Dowan
  3110 | D:4      | Killed Dowan
  3111 | D:4      | Killed Duvessa
  3111 | D:4      | Reached XP level 7. HP: 42/61 MP: 6/6
  3460 | D:4      | Reached skill level 5 in Axes
  3650 | D:4      | You fall through a shaft!
  3650 | D:5      | Entered Level 5 of the Dungeon
  3753 | D:5      | Found Feurrit's Armour Emporium.
  3964 | D:5      | Reached skill level 6 in Fighting
  3975 | D:5      | Noticed Eustachio
  4166 | D:5      | Killed Eustachio
  4166 | D:5      | Reached XP level 8. HP: 66/70 MP: 7/7
  4261 | D:5      | Found an iron altar of Okawaru.
  4329 | D:5      | Found a staircase to the Ecumenical Temple.
  4335 | Temple   | Entered the Ecumenical Temple
  4360 | Temple   | Became a worshipper of Makhleb the Destroyer
  4743 | D:6      | Reached skill level 1 in Invocations
  5027 | D:6      | Reached skill level 5 in Dodging
  5049 | D:6      | Noticed Grinder
  5054 | D:6      | Paralysed by Grinder for 7 turns
  5081 | D:6      | Killed Grinder
  5081 | D:6      | Reached skill level 7 in Fighting
  5541 | D:7      | Reached * piety under Makhleb
  5722 | D:7      | Noticed Menkaure
  5727 | D:7      | Reached XP level 9. HP: 67/79 MP: 9/9
  5729 | D:7      | Killed Menkaure
  6497 | D:8      | Noticed a two-headed ogre
  6510 | D:8      | Killed a two-headed ogre
  6514 | D:8      | Reached skill level 8 in Fighting
  6546 | D:8      | Noticed a two-headed ogre
  6867 | D:8      | Reached XP level 10. HP: 88/88 MP: 12/12
  6891 | D:8      | Got a clouded jade amulet
  6892 | D:8      | Identified the amulet "Jiacyj Lekit" {Faith rPois rN+++ MR- Str+9 Int-5} (You found it on level 8 of the Dungeon)
  6991 | D:8      | Reached ** piety under Makhleb
  7083 | D:8      | Killed a two-headed ogre
  7192 | D:8      | Reached skill level 5 in Invocations
  7472 | D:9      | Noticed a two-headed ogre
  7494 | D:9      | Killed a two-headed ogre
  7494 | D:9      | Reached skill level 9 in Fighting
  7746 | D:9      | Noticed a two-headed ogre
  7758 | D:9      | Killed a two-headed ogre
  8014 | D:9      | Found a staircase to the Orcish Mines.
  8143 | D:10     | Entered Level 10 of the Dungeon
  8193 | D:10     | Reached XP level 11. HP: 90/97 MP: 14/14
  8942 | D:10     | Found a staircase to the Lair.
  9387 | D:11     | Noticed a white ugly thing
  9400 | D:11     | Killed a white ugly thing
  9473 | D:11     | Found a hazy altar of Hepliaklqana.
  9512 | D:11     | Reached skill level 10 in Armour
  9593 | D:11     | Reached skill level 10 in Fighting
  9593 | D:11     | Reached skill level 10 in Shields
  9863 | Lair:1   | Entered Level 1 of the Lair of Beasts
  9926 | Lair:1   | Reached *** piety under Makhleb
 10093 | Lair:1   | Noticed a seven-headed hydra
 10131 | Lair:1   | Noticed Erica
 10147 | Lair:1   | Killed Erica
 10147 | Lair:1   | Reached skill level 10 in Axes
 10200 | Lair:1   | Killed a two-headed hydra
 10471 | Lair:2   | Reached XP level 12. HP: 99/108 MP: 12/15
 10474 | Lair:2   | Noticed Prince Ribbit
 10491 | Lair:2   | Killed Prince Ribbit
 10617 | Lair:2   | Found a staircase to the Shoals.
 10627 | Lair:2   | Noticed Sonja
 10629 | Lair:2   | Noticed Sonja
 10629 | Lair:2   | Sonja changed into Sonja the human
 10637 | Lair:2   | Killed Sonja the human
 10901 | Lair:2   | Reached skill level 11 in Fighting
 10906 | Lair:2   | Reached **** piety under Makhleb
 11454 | Lair:3   | Noticed a five-headed hydra
 11471 | Lair:3   | Killed a one-headed hydra
 11842 | D:5      | Bought the +3 scale mail "Ocasoggan" {rElec rPois Str-3 Slay+6} for 561 gold pieces
 11989 | Lair:4   | Reached skill level 10 in Dodging
 12044 | Lair:4   | Noticed a seven-headed hydra
 12048 | Lair:4   | Killed a five-headed hydra
 12094 | Lair:4   | Found a hole to the Spider Nest.
 12311 | Lair:4   | Found a frozen archway.
 12339 | IceCv    | Entered an ice cave
 12370 | IceCv    | Reached ***** piety under Makhleb
 12575 | IceCv    | Reached XP level 13. HP: 72/117 MP: 9/16
 12889 | IceCv    | Reached skill level 12 in Fighting
 12909 | IceCv    | Found the ring of Robustness {AC+8}
 13928 | Lair:5   | Got a garnet-encrusted scale mail
 14220 | Lair:6   | Entered Level 6 of the Lair of Beasts
 14467 | Lair:6   | Found a staircase to the Slime Pits.
 14469 | Lair:6   | Found a viscous altar of Jiyva.
 14617 | Lair:6   | Identified the +3 scale mail of Beauty {rF- Str+3 Int+6} (You found it on level 5 of the Lair of Beasts)
 14689 | Lair:6   | Reached skill level 13 in Fighting
 14767 | Lair:6   | Reached XP level 14. HP: 78/129 MP: 17/17
 14987 | Lair:6   | Reached ****** piety under Makhleb
 15497 | Orc:1    | Entered Level 1 of the Orcish Mines
 15637 | Orc:1    | Noticed p0werm0de's ghost (journeyman OpGl)
 15685 | Orc:1    | Killed p0werm0de's ghost
 16029 | Orc:2    | Entered Level 2 of the Orcish Mines
 16034 | Orc:2    | Noticed an orc warlord
 16076 | Orc:2    | Killed an orc warlord
 16339 | Orc:2    | Reached skill level 14 in Fighting
 16451 | Orc:2    | Found Deysaih's Weapon Emporium.
 16451 | Orc:2    | Found Muqat's Armour Shop.
 16451 | Orc:2    | Found Saeniuc's Antique Armour Boutique.
 16451 | Orc:2    | Found Juarug's Book Emporium.
 16465 | Orc:2    | Bought a pair of glowing gloves for 165 gold pieces
 16470 | Orc:2    | Bought a pair of runed gloves for 165 gold pieces
 16501 | Orc:2    | Bought a distressingly furry buckler for 209 gold pieces
 16511 | Orc:2    | Identified the cursed +0 buckler of the Townfolk {rC- Regen+ Int+7 SInv} (You bought it in a shop on level 2 of the Orcish Mines)
 16604 | Orc:2    | Found a staircase to the Elven Halls.
 17216 | D:12     | Found a blossoming altar of Fedhas.
 17372 | D:12     | Noticed Fannar
 17386 | D:12     | Killed Fannar
 17447 | D:12     | Reached XP level 15. HP: 138/138 MP: 18/18
 17483 | D:12     | Noticed a frost giant
 17497 | D:12     | Killed a frost giant
 17886 | D:13     | Found a gate to the Vaults.
 17955 | D:13     | Noticed Nessos
 17960 | D:13     | Noticed Nessos
 17960 | D:13     | Nessos changed into Nessos the salamander
 17967 | D:13     | Killed Nessos the salamander
 18254 | D:13     | Found a roughly hewn altar of Beogh.
 18443 | D:14     | Found a stormy altar of Qazlal.
 18687 | D:14     | Got a transparent tin amulet
 18688 | D:14     | Identified the amulet "Sizumm" {RegenMP Str+8 Dex+2} (You found it on level 14 of the Dungeon)
 18998 | D:15     | Entered Level 15 of the Dungeon
 19052 | D:15     | Found a stormy altar of Qazlal.
 19310 | D:15     | Found a sacrificial altar of Ru.
 19372 | D:15     | Found Upuari Wuasa's Distillery.
 19409 | D:15     | Noticed Urug
 19414 | D:15     | Killed Urug
 19606 | D:15     | Found a staircase to the Depths.
 19986 | Spider:1 | Entered Level 1 of the Spider Nest
 20107 | Spider:1 | Reached skill level 15 in Fighting
 20197 | Spider:1 | Reached skill level 15 in Shields
 20254 | Spider:1 | Reached skill level 15 in Armour
 20519 | Spider:2 | Reached XP level 16. HP: 149/149 MP: 19/19
 20532 | Spider:2 | Reached skill level 15 in Axes
 21531 | Spider:2 | Identified a scroll of acquirement
 21897 | Spider:3 | Noticed Louise
 21906 | Spider:3 | Cast into level 2 of the Abyss (Louise)
 21930 | Spider:3 | Escaped the Abyss
 21936 | Spider:3 | Killed Louise
 22568 | Spider:4 | Entered Level 4 of the Spider Nest
 22624 | Spider:4 | Noticed Arachne
 22666 | Spider:4 | Killed Arachne
 22801 | Spider:4 | Reached skill level 16 in Fighting
 22925 | Spider:4 | Got a gossamer rune of Zot
 23040 | Spider:4 | Reached XP level 17. HP: 105/158 MP: 20/20
 24141 | Shoals:1 | Entered Level 1 of the Shoals
 24375 | Shoals:1 | Reached skill level 15 in Dodging
 24404 | Shoals:1 | Noticed a kraken
 24415 | Shoals:1 | Killed a kraken
 25483 | Shoals:3 | Noticed Bai Suzhen
 25701 | Shoals:3 | Killed Bai Suzhen
 25817 | Shoals:3 | Reached skill level 17 in Fighting
 26194 | Shoals:4 | Entered Level 4 of the Shoals
 26194 | Shoals:4 | Found a basalt altar of Yredelemnul.
 26225 | Shoals:4 | Reached XP level 18. HP: 169/169 MP: 21/21
 26254 | Shoals:4 | Got a barnacled rune of Zot
 26350 | Shoals:4 | Noticed Ilsuiw
 26360 | Shoals:4 | Killed Ilsuiw
 26373 | Shoals:4 | Noticed Polyphemus
 26396 | Shoals:4 | Killed Polyphemus
 26669 | Shoals:4 | Found a white marble altar of Elyvilon.
 27066 | Elf:1    | Entered Level 1 of the Elven Halls
 27619 | Elf:1    | Found Vaodoj's Food Emporium.
 27841 | Elf:2    | Noticed Nikola
 27983 | Elf:2    | Killed Nikola
 28250 | Elf:2    | Found a runed gate.
 28250 | Elf:2    | Found a runed gate.
 28250 | Elf:2    | Found a runed gate.
 28371 | Elf:2    | Noticed Agnes
 28381 | Elf:2    | Killed Agnes
 28381 | Elf:2    | Reached skill level 18 in Fighting
 28510 | Elf:3    | Entered Level 3 of the Elven Halls
 28524 | Elf:3    | Reached XP level 19. HP: 179/179 MP: 22/22
 29003 | Elf:3    | Got a translucent platinum ring
 29005 | Elf:3    | Identified the ring of the Unstoppable Lies {rCorr rF+ SInv} (You took it off a deep elf knight on level 3 of the Elven Halls)
 29096 | Elf:3    | Got a transparent golden amulet
 29097 | Elf:3    | Identified the amulet "Bokhlac" {rF++ Regen+ Int-3} (You took it off a deep elf death mage on level 3 of the Elven Halls)
 29154 | Elf:3    | Got a smelly chain mail
 29155 | Elf:3    | Identified the +7 chain mail "Weyfryrgh" {Str+3} (You took it off a deep elf master archer on level 3 of the Elven Halls)
 29552 | Elf:3    | Identified the +1 plate armour of the Other World {Slay+3} (You found it on level 3 of the Elven Halls)
 29560 | Elf:3    | Identified the Disquisition on Earth and Heat
 29979 | Vaults:1 | Entered Level 1 of the Vaults
 30136 | Vaults:1 | Reached skill level 19 in Fighting
 30193 | Vaults:1 | Reached XP level 20. HP: 191/191 MP: 23/23
 30361 | Vaults:1 | Found a hazy altar of Hepliaklqana.
 32975 | Vaults:3 | Found a staircase to the Crypt.
 32975 | Vaults:3 | Found an ancient bone altar of Kikubaaqudgha.
 32976 | Vaults:3 | Found a basalt altar of Yredelemnul.
 33015 | Vaults:3 | Reached skill level 20 in Fighting
 33117 | Vaults:3 | Reached XP level 21. HP: 201/201 MP: 24/24
 33430 | Vaults:4 | Found Tukofela's Weapon Emporium.
 33567 | Vaults:4 | Found Zezec's Book Emporium.
 33593 | Vaults:4 | Noticed Aizul
 33630 | Vaults:4 | Killed Aizul
 33781 | Vaults:4 | Reached skill level 21 in Fighting
 33925 | Vaults:4 | Found Pasy's Distillery.
 33956 | Vaults:4 | Bought a potion of agility for 76 gold pieces
 33956 | Vaults:4 | Bought a potion of might for 76 gold pieces
 33956 | Vaults:4 | Bought a potion of mutation for 152 gold pieces
 33956 | Vaults:4 | Bought a potion of heal wounds for 95 gold pieces
 34280 | Vaults:5 | Entered Level 5 of the Vaults
 34285 | Vaults:5 | Noticed a golden dragon
 34302 | Vaults:5 | Killed a golden dragon
 34335 | Vaults:5 | Got a silver rune of Zot
 34524 | Vaults:5 | Reached skill level 22 in Fighting
 34566 | Vaults:5 | Reached XP level 22. HP: 216/216 MP: 25/25
 34713 | Vaults:5 | Reached skill level 23 in Fighting
 34768 | Vaults:5 | Noticed a golden dragon
 34789 | Vaults:5 | Killed a golden dragon
 34891 | Vaults:5 | Reached skill level 24 in Fighting
 34923 | Vaults:5 | Noticed a golden dragon
 34941 | Vaults:5 | Killed a golden dragon
 35162 | Vaults:5 | Noticed an ancient lich
 35174 | Vaults:5 | Killed an ancient lich
 35192 | Vaults:5 | Identified the cursed +0 ring mail of Itecs {Dex+3 SInv} (You found it on level 5 of the Vaults)
 35281 | Vaults:5 | Identified the +0 hat "Nenudomemm" {rC+} (You acquired it on level 5 of the Vaults)
 35344 | Vaults:5 | Reached skill level 25 in Fighting
 36053 | Depths:1 | Entered Level 1 of the Depths
 36238 | Depths:1 | Reached XP level 23. HP: 234/234 MP: 26/26
 36319 | Depths:1 | Found a gateway to Hell.
 36742 | Depths:2 | Reached skill level 26 in Fighting
 36990 | Depths:2 | Got a brightly glowing ivory ring
 36991 | Depths:2 | Identified the cursed ring of the Scarab {rC+ EV-2} (You found it on level 2 of the Depths)
 37365 | Depths:2 | Identified the +8 lajatang of Isapnin {slice, +Blink +Fly MR+ Str+2} (You took it off a spriggan defender on level 2 of the Depths)
 37744 | Depths:3 | Reached skill level 27 in Fighting
 38417 | Depths:3 | Found a one-way gate leading to the halls of Pandemonium.
 38458 | Depths:4 | Noticed Frederick
 38479 | Depths:4 | Killed Frederick
 38492 | Depths:4 | Noticed Margery
 38514 | Depths:4 | Killed Margery
 38636 | Depths:4 | Found a one-way gate to the infinite horrors of the Abyss.
 38641 | Depths:4 | Reached XP level 24. HP: 249/249 MP: 26/26
 39089 | Depths:5 | Entered Level 5 of the Depths
 39108 | Depths:5 | Noticed Boris
 39139 | Depths:5 | Killed Boris
 39391 | Depths:5 | Found a gate to the Realm of Zot.
 39480 | Zot:1    | Entered Level 1 of the Realm of Zot
 39970 | Zot:3    | Reached XP level 25. HP: 257/257 MP: 15/26
 40062 | Zot:3    | Got a translucent lapis lazuli ring
 40063 | Zot:3    | Identified the ring of Memir {Int+3 Dex+9} (You acquired it on level 3 of the Realm of Zot)
 40101 | Zot:5    | Entered Level 5 of the Realm of Zot
 40241 | Zot:5    | Noticed an ancient lich
 40261 | Zot:5    | Killed an ancient lich
 40295 | Zot:5    | Noticed an ancient lich
 40312 | Zot:5    | Killed an ancient lich
 40370 | Zot:5    | Noticed an orb of fire
 40374 | Zot:5    | Gained mutation: You are frail. (-10% HP) [an orb of fire]
 40376 | Zot:5    | Gained mutation: You are occasionally teleported next to monsters. [an orb of fire]
 40382 | Zot:5    | Noticed an orb of fire
 40382 | Zot:5    | Gained mutation: You are very frail. (-20% HP) [an orb of fire]
 40387 | Zot:5    | Killed an orb of fire
 40395 | Zot:5    | Killed an orb of fire
 40396 | Zot:5    | Lost mutation: You are very frail. (-20% HP) [potion of mutation]
 40396 | Zot:5    | Gained mutation: You are somewhat resistant to further mutation. [potion of mutation]
 40397 | Zot:5    | Lost mutation: You are somewhat resistant to further mutation. [potion of mutation]
 40397 | Zot:5    | Lost mutation: You are frail. (-10% HP) [potion of mutation]
 40397 | Zot:5    | Gained mutation: You are robust. (+10% HP) [potion of mutation]
 40397 | Zot:5    | Gained mutation: You are somewhat resistant to further mutation. [potion of mutation]
 40398 | Zot:5    | Lost mutation: You are robust. (+10% HP) [potion of mutation]
 40398 | Zot:5    | Lost mutation: You are occasionally teleported next to monsters. [potion of mutation]
 40398 | Zot:5    | Lost mutation: You are somewhat resistant to further mutation. [potion of mutation]
 40398 | Zot:5    | Gained mutation: Scrolls take you a little longer to read. [potion of mutation]
 40398 | Zot:5    | Gained mutation: You are clumsy. (Dex -2) [potion of mutation]
 40398 | Zot:5    | Gained mutation: You are partially covered in thin metallic scales. (AC +2) [potion of mutation]
 40406 | Zot:5    | Noticed an orb of fire
 40408 | Zot:5    | Noticed an ancient lich
 40410 | Zot:5    | Gained mutation: You are frail. (-10% HP) [an orb of fire]
 40416 | Zot:5    | Noticed an orb of fire
 40425 | Zot:5    | Killed an ancient lich
 40432 | Zot:5    | Killed an orb of fire
 40433 | Zot:5    | Gained mutation: You are very frail. (-20% HP) [an orb of fire]
 40434 | Zot:5    | Killed an orb of fire
 40438 | Zot:5    | Lost mutation: You are clumsy. (Dex -2) [potion of mutation]
 40438 | Zot:5    | Lost mutation: You are very frail. (-20% HP) [potion of mutation]
 40438 | Zot:5    | Lost mutation: Scrolls take you a little longer to read. [potion of mutation]
 40438 | Zot:5    | Gained mutation: You are partially covered in large bone plates. (SH +4) [potion of mutation]
 40438 | Zot:5    | Gained mutation: Scrolls take you a little longer to read. [potion of mutation]
 40438 | Zot:5    | Lost mutation: You are frail. (-10% HP) [potion of mutation]
 40462 | Zot:5    | Noticed an ancient lich
 40463 | Zot:5    | Noticed an orb of fire
 40471 | Zot:5    | Reached XP level 26. HP: 266/266 MP: 13/26
 40476 | Zot:5    | Gained mutation: You tend to lose your temper in combat. [an orb of fire]
 40478 | Zot:5    | Killed an ancient lich
 40482 | Zot:5    | Gained mutation: You are weak. (Str -2) [an orb of fire]
 40483 | Zot:5    | Killed an orb of fire
 40514 | Zot:5    | Noticed an ancient lich
 40525 | Zot:5    | Killed an ancient lich
 40531 | Zot:5    | Noticed an orb of fire
 40541 | Zot:5    | Gained mutation: Armour fits poorly on your strangely shaped body. [an orb of fire]
 40542 | Zot:5    | Killed an orb of fire
 40543 | Zot:5    | Lost mutation: Scrolls take you a little longer to read. [potion of mutation]
 40543 | Zot:5    | Lost mutation: You are weak. (Str -2) [potion of mutation]
 40543 | Zot:5    | Lost mutation: Armour fits poorly on your strangely shaped body. [potion of mutation]
 40543 | Zot:5    | Gained mutation: You have large cloven feet. [potion of mutation]
 40543 | Zot:5    | Gained mutation: You evolve. [potion of mutation]
 40544 | Zot:5    | Lost mutation: You tend to lose your temper in combat. [potion of mutation]
 40544 | Zot:5    | Lost mutation: You are partially covered in large bone plates. (SH +4) [potion of mutation]
 40544 | Zot:5    | Lost mutation: You evolve. [potion of mutation]
 40544 | Zot:5    | Gained mutation: Your natural rate of healing is unusually fast. [potion of mutation]
 40544 | Zot:5    | Gained mutation: You are robust. (+10% HP) [potion of mutation]
 40544 | Zot:5    | Gained mutation: You have supernaturally acute eyesight. (SInv) [potion of mutation]
 40569 | Zot:5    | Got the Orb of Zot
 40612 | Zot:5    | Noticed an ancient lich
 40628 | Zot:5    | Killed an ancient lich
 40697 | Zot:3    | Noticed Byaromn the pandemonium lord
 40697 | Zot:3    | Noticed an ancient lich
 40709 | Zot:2    | Killed an ancient lich
 40787 | Zot:2    | Noticed Soitom the pandemonium lord
 40809 | Zot:2    | Gained mutation: You expend magic power (3 MP) to strengthen your wands. [a shining eye]
 40813 | Zot:2    | Killed Soitom the pandemonium lord
 41000 | D:12     | Noticed a seraph
 41043 | D:9      | Noticed Voadghayj the pandemonium lord
 41053 | D:9      | Killed Voadghayj the pandemonium lord
 41165 | D:3      | Noticed a seraph
 41194 | D:1      | Noticed Guuwn the pandemonium lord
 41201 | D:1      | Killed Guuwn the pandemonium lord
 41234 | D:$      | Escaped with the Orb!

Vault maps used:
D:1:      dpeg_arrival_circle_labyrinth_c, minmay_close_crescents
D:2:      chequers_ecumenical_altar_twisty, hangedman_decor_push
D:4:      serial_shops, shop, first_ration, minmay_misc_feat_encased,
          uniq_sigmund, uniq_duvessa, uniq_ijyb
D:5:      okawaru_trees_1, temple_doors_e, serial_shops, shop, uniq_eustachio
D:6:      uniq_grinder
D:7:      uniq_menkaure
D:8:      grunt_livestock
D:9:      orc_0_dummy
D:10:     lair_entry_dummy, kennysheep_dice
D:11:     basic_altar, minivault_11
D:12:     basic_altar, minmay_three_doors, uniq_fannar
D:13:     david_vaults_4, special_room, kennysheep_boxes, uniq_nessos
D:14:     basic_altar
D:15:     grunt_enter_depths_magical_seal, serial_shops, shop,
          nicolae_ru_awakened_eye, grunt_qazlal_clouds, uniq_urug
Temple:   compressed_dpeg_triangle_lava_temple
Lair:1:   uniq_erica
Lair:2:   shoals_dummy_entry, serial_bayou_shore_b, uniq_prince_ribbit2,
          uniq_sonja
Lair:3:   lemuel_fruit_tree, serial_bayou_shore_b, minmay_lair_oklob_chamber
Lair:4:   spider_nest_entry_a, portal_ice_cave_entry_ice_beasts
Lair:5:   st_stairs_4, infiniplex_staircase_pool, lemuel_fruit_fields,
          grunt_megastairs_1, serial_bayou_shore_a
Lair:6:   grunt_lair_end_beastmaster, slime_altar_1
Shoals:1: nicolae_shoals_drake_roost
Shoals:3: uniq_bai_suzhen
Shoals:4: shoals_end_grunt_ice, shoal_ilsuiw, hangedman_feature_mirror,
          ldierk_geyser, uniq_polyphemus
Spider:2: special_room, nicolae_spider_shape
Spider:3: uniq_louise
Spider:4: johnstein_spider_rune_arachne_lair
Orc:1:    cheibrodos_orc_guarddog
Orc:2:    st_orc_ogre_mass
Elf:1:    eino_elf_arrival_shootout, serial_shops, shop_coins,
          minmay_elf_sorcery
Elf:2:    lemuel_elevator, uniq_nikola, uniq_agnes, uniq_azrael
Elf:3:    minmay_elf_hall_spiked, minmay_misc_feat_ornament, minivault_16
Vaults:1: nicolae_vaults_three_branches, ontoclasm_vaults_bender, v_misc_24,
          nicolae_vaults_rhombus_5, vaults_room_fours, basic_altar
Vaults:2: vaults_room_corners, hangedman_vaults_cutoff,
          ontoclasm_vaults_shuriken
Vaults:3: minmay_crypt_entry_necro_gods, hangedman_vaults_unwind,
          nicolae_vaults_alarming, v_misc_26, ontoclasm_vaults_chip,
          nicolae_vaults_puzzle_piece, vaults_room_door_ring,
          hangedman_vaults_variations, ontoclasm_vaults_shout, vaults_dpeg_ring,
          ontoclasm_vaults_pinch
Vaults:4: ontoclasm_vaults_spin, nicolae_vaults_rhombus_7,
          vaults_standard_mumra_lines, vaults_standard_mumra_enter_the_diamond,
          v_misc_4, ontoclasm_vaults_hangar, vaults_mumra_hex,
          vaults_room_fours, grunt_vaults_hallway_long, st_cross, v_misc_16,
          serial_shops, nicolae_shop_stone, shop, shop, uniq_aizul
Depths:1: roderic_serpentine_path, hell_entry, spider_trap,
          hangedman_decor_peaks_small, nicolae_lava_and_water,
          kennysheep_cluttered_room, kennysheep_generic_room_12
Depths:2: minmay_broken_ring, hangedman_abyss_or_decor_slice,
          pf_dread_powers_of_hell, minmay_misc_feat_hallway
Depths:3: mu_elephants_graveyard, hell_entry, kennysheep_small_spiral,
          rand_demon_pan_entry_8
Depths:4: lemuel_troll_bridge, hell_entry, abyss_entry, uniq_margery,
          uniq_frederick
Depths:5: grunt_crosshair, enter_ziggurat_d, hellmouth_3,
          hangedman_decor_points, abyss_entry_small_statue_room,
          nrook_pool_corridor, uniq_boris
Zot:2:    lemuel_halls_of_wrath
Zot:3:    lemuel_baited_zot_trap, hangedman_zot_decor_scrapings
Zot:4:    kennysheep_blocky_hall, uniq_tiamat
IceCv:    ice_cave_small_dragons

Skill      XL: |  1  2  3  4  5  6  7  8  9 10 11 12 13 14 15 16 17 18 19 20 21 22 23 24 25 26 |
---------------+-------------------------------------------------------------------------------+-----
Dodging        | 1 2 3 4 5 6 7 9 10 11 12 13 14 15 16 17 18 20 22 24 25 | 25.4
Fighting       | 4 5 6 7 8 9 10 11 13 14 15 16 17 18 19 20 22 25 27 | 27.0
Armour         | 4 5 6 7 8 9 10 11 13 14 15 16 17 19 20 21 23 25 26 | 26.2
Shields        | 4 5 6 7 8 9 10 11 13 14 15 16 17 18 19 20 | 20.0
Axes           | 3 4 5 6 7 8 10 11 12 13 14 15 16 17 18 | 18.0
Invocations    | 2 4 5 6 |  6.0

Action                   |  1- 3 |  4- 6 |  7- 9 | 10-12 | 13-15 | 16-18 | 19-21 | 22-24 | 25-27 || total
-------------------------+-------+-------+-------+-------+-------+-------+-------+-------+-------++-------
Melee: War axe           |   103 |   165 |   303 |   452 |  1095 |   549 |       |       |       ||  2667
       Headbutt          |    16 |    24 |    64 |   142 |   291 |   364 |   331 |   465 |   162 ||  1859
       Unarmed           |       |       |    11 |       |       |       |       |       |       ||    11
       Broad axe         |       |       |       |   119 |       |   705 |  1230 |  1488 |   416 ||  3958
       Scimitar          |       |       |       |    14 |    11 |       |       |       |       ||    25
Throw: Throwing net      |       |       |       |       |       |       |       |     1 |     7 ||     8
Evoke: Wand              |       |     3 |    17 |    14 |     1 |    24 |     4 |    11 |     4 ||    78
       Lightning rod     |       |       |       |       |       |     8 |       |       |       ||     8
  Use: Potion            |       |     3 |       |     1 |     1 |    10 |     1 |     2 |    24 ||    42
       Scroll            |       |       |     7 |    10 |     8 |    19 |    16 |    18 |     4 ||    82
 Stab: Petrified         |       |       |       |       |     3 |     4 |       |       |       ||     7
       Petrifying        |       |       |       |       |       |     2 |       |       |       ||     2
       Distracted        |       |       |       |       |       |     1 |       |     1 |       ||     2
       Held in net/web   |       |       |       |       |       |       |       |     1 |    14 ||    15
  Eat: Chunk             |     2 |     5 |    30 |    16 |    18 |    24 |    21 |    19 |       ||   135
       Ration            |       |       |       |     2 |     1 |     1 |       |     3 |       ||     7
Armor: Scale mail        |    49 |    80 |    97 |   140 |   296 |   526 |   199 |   248 |    69 ||  1704
       Skin              |       |       |     1 |       |       |       |       |       |       ||     1
Dodge: Dodged            |    23 |    79 |   123 |   286 |   521 |   739 |   392 |   576 |   232 ||  2971
Block: Shield            |    47 |   130 |   179 |   335 |   619 |   227 |       |       |       ||  1537
       Large shield      |       |       |       |       |       |  1079 |   968 |  1427 |   431 ||  3905
       Rpst.: Scimitar   |       |       |       |     2 |     2 |       |       |       |       ||     4

Table legend:
 A = Spawn XP
 B = Non-spawn XP
 C = Spawn XP percentage of total XP
 D = Spawn monster count
 E = Non-spawn monster count
 F = Spawn count percentage of total count
 G = Total turns spent on level
                    A         B        C        D         E        F      G
               +---------+---------+-------+---------+---------+-------+---------
         Total |       0 | 1392732 |   0.0 |       0 |    2065 |   0.0 | 41234
               +---------+---------+-------+---------+---------+-------+---------
           D:1 |       0 |      32 |   0.0 |       0 |      23 |   0.0 |  1086
           D:2 |       0 |      90 |   0.0 |       0 |      21 |   0.0 |   779
           D:3 |       0 |     239 |   0.0 |       0 |      37 |   0.0 |  1124
           D:4 |       0 |     794 |   0.0 |       0 |      24 |   0.0 |  1005
           D:5 |       0 |     526 |   0.0 |       0 |      17 |   0.0 |   878
           D:6 |       0 |     837 |   0.0 |       0 |      19 |   0.0 |   761
           D:7 |       0 |    1195 |   0.0 |       0 |      22 |   0.0 |  1236
           D:8 |       0 |    4275 |   0.0 |       0 |      27 |   0.0 |   754
           D:9 |       0 |    3748 |   0.0 |       0 |      13 |   0.0 |  1016
          D:10 |       0 |    2486 |   0.0 |       0 |      22 |   0.0 |  1126
          D:11 |       0 |    3480 |   0.0 |       0 |      26 |   0.0 |   782
          D:12 |       0 |    6147 |   0.0 |       0 |      25 |   0.0 |   669
          D:13 |       0 |   11418 |   0.0 |       0 |      62 |   0.0 |   997
          D:14 |       0 |    4130 |   0.0 |       0 |      11 |   0.0 |   572
          D:15 |       0 |   17949 |   0.0 |       0 |      33 |   0.0 |   880
        Lair:1 |       0 |    5139 |   0.0 |       0 |      18 |   0.0 |   653
        Lair:2 |       0 |    4437 |   0.0 |       0 |      20 |   0.0 |   690
        Lair:3 |       0 |    4285 |   0.0 |       0 |      17 |   0.0 |   733
        Lair:4 |       0 |    5670 |   0.0 |       0 |      28 |   0.0 |   867
        Lair:5 |       0 |    9304 |   0.0 |       0 |      35 |   0.0 |   747
        Lair:6 |       0 |   22298 |   0.0 |       0 |      65 |   0.0 |  1177
      Shoals:1 |       0 |   22553 |   0.0 |       0 |      43 |   0.0 |   693
      Shoals:2 |       0 |   11441 |   0.0 |       0 |      27 |   0.0 |   762
      Shoals:3 |       0 |   22205 |   0.0 |       0 |      34 |   0.0 |   643
      Shoals:4 |       0 |   38525 |   0.0 |       0 |      52 |   0.0 |   750
      Spider:1 |       0 |   11754 |   0.0 |       0 |      32 |   0.0 |   904
      Spider:2 |       0 |   23164 |   0.0 |       0 |      68 |   0.0 |   747
      Spider:3 |       0 |   17336 |   0.0 |       0 |      56 |   0.0 |   967
      Spider:4 |       0 |   36423 |   0.0 |       0 |      60 |   0.0 |  1464
         Orc:1 |       0 |    4335 |   0.0 |       0 |      31 |   0.0 |   508
         Orc:2 |       0 |   20940 |   0.0 |       0 |      64 |   0.0 |   918
         Elf:1 |       0 |   22245 |   0.0 |       0 |      38 |   0.0 |   832
         Elf:2 |       0 |   28507 |   0.0 |       0 |      41 |   0.0 |   641
         Elf:3 |       0 |   72428 |   0.0 |       0 |      67 |   0.0 |  1287
      Vaults:1 |       0 |   51783 |   0.0 |       0 |      82 |   0.0 |  1235
      Vaults:2 |       0 |   26318 |   0.0 |       0 |      39 |   0.0 |  1080
      Vaults:3 |       0 |   61532 |   0.0 |       0 |     100 |   0.0 |  1090
      Vaults:4 |       0 |   74194 |   0.0 |       0 |      96 |   0.0 |   972
      Vaults:5 |       0 |  166424 |   0.0 |       0 |     138 |   0.0 |  1588
      Depths:1 |       0 |   29420 |   0.0 |       0 |      38 |   0.0 |   642
      Depths:2 |       0 |   42271 |   0.0 |       0 |      50 |   0.0 |   948
      Depths:3 |       0 |   56174 |   0.0 |       0 |      58 |   0.0 |   848
      Depths:4 |       0 |   55957 |   0.0 |       0 |      57 |   0.0 |   652
      Depths:5 |       0 |   57282 |   0.0 |       0 |      52 |   0.0 |   412
         Zot:2 |       0 |   78735 |   0.0 |       0 |      70 |   0.0 |   578
         Zot:3 |       0 |   40357 |   0.0 |       0 |      22 |   0.0 |   115
         Zot:4 |       0 |   10343 |   0.0 |       0 |       4 |   0.0 |    46
         Zot:5 |       0 |  196147 |   0.0 |       0 |      61 |   0.0 |   569
         IceCv |       0 |    5460 |   0.0 |       0 |      20 |   0.0 |   692
               +---------+---------+-------+---------+---------+-------+---------
